 Dungeon Crawl Stone Soup version 0.28.0-45-g0d030f2227 (webtiles) character file.

Game seed: 15765095945005149400

15 bobregger the Skirmisher (level 2, -1/49 HPs)
             Began as an Ogre Berserker on Apr 24, 2022.
             Was a Follower of Trog.
             Slain by a kobold
             ... wielding a +0 whip
              (3 damage)
             ... on level 1 of the Dungeon.
             The game lasted 00:00:35 (359 turns).

bobregger the Skirmisher (Ogre Berserker)            Turns: 359, Time: 00:00:35

Health: -1/49      AC:  3    Str: 20    XL:     2   Next: 50%
Magic:  2/2        EV: 10    Int:  8    God:    Trog [*.....]
Gold:   21         SH:  0    Dex:  8    Spells: 1/1 levels left

rFire   . . .      SeeInvis .   a - +0 mace
rCold   . . .      Faith    .   (no shield)
rNeg    . . .      Spirit   .   b - +0 animal skin
rPois   .          Reflect  .   (helmet restricted)
rElec   .          Harm     .   (no cloak)
rCorr   .          Rampage  .   (gloves unavailable)
Will    .....                   (boots unavailable)
Stlth   ..........              (no amulet)
HPRegen 0.16/turn               (no ring)
MPRegen 0.08/turn               (no ring)

@: berserking (expiring), very quick
A: large, unfitting armour, tough skin 1
a: Renounce Religion, Berserk


You were on level 1 of the Dungeon.
You worshipped Trog.
Trog was aware of your devotion.
You visited 1 branch of the dungeon, and saw 1 of its levels.

You collected 21 gold pieces.

Inventory:

Hand Weapons
 a - a +0 mace (weapon)
Armour
 b - a +0 animal skin (worn)
Scrolls
 c - a scroll of enchant armour {unknown}
 d - a scroll of identify {unknown}
 e - a scroll of magic mapping {unknown}


   Skills:
 + Level 4.3 Fighting
 * Level 3.2 Maces & Flails
 - Level 2.6 Dodging


You had one spell level left.
You didn't know any spells.
Your spell library was empty.

Dungeon Overview and Level Annotations

Branches:
Dungeon (1/15)

Altars:


Innate Abilities, Weirdness & Mutations

You are too large for most types of armour.
You have tough skin. (AC +1)


Message History

You are frozen.
The kobold hits you with a +0 whip.
You hit the quokka.
The quokka is severely wounded.
The quokka bites you. The endoplasm barely misses you.
The kobold hits you but does no damage.
You miss the quokka.
The quokka is severely wounded.
The quokka bites you. The endoplasm barely misses you.
The kobold hits you but does no damage.
The quokka bites you but does no damage.
You closely miss the quokka.
The quokka is severely wounded.
The endoplasm closely misses you. The kobold hits you with a +0 whip.
* * * LOW HITPOINT WARNING * * *
The quokka bites you.
* * * LOW HITPOINT WARNING * * *
You closely miss the quokka.
The quokka is severely wounded.
The endoplasm freezes you.
You are frozen.
* * * LOW HITPOINT WARNING * * *
The quokka bites you.
* * * LOW HITPOINT WARNING * * *
The kobold misses you.
You hit the quokka.
You kill the quokka!
Trog accepts your kill.
The endoplasm hits you but does no damage.
You sock the endoplasm!
You kill the endoplasm!
Trog accepts your kill. The kobold hits you with a +0 whip.
* * * LOW HITPOINT WARNING * * *
The kobold hits you with a +0 whip.
* * * LOW HITPOINT WARNING * * *
You barely miss the kobold. The kobold closely misses you.
You closely miss the kobold. The kobold hits you but does no damage.
You closely miss the kobold. You barely miss the kobold.
The kobold hits you with a +0 whip.
You die...

..........(..#
#.###.........#######
#.#.................#
#...................#
...................#
...................#
...................#
..........###...(..#
.......@..# #......#
........K## ########
..........#
..........#
..........#
..........#
..........#
#........##


You could see a kobold.

Vanquished Creatures
  A bat (D:1)
  4 endoplasms (D:1)
  A giant cockroach (D:1)
  A goblin (D:1)
  2 hobgoblins (D:1)
  A quokka (D:1)
  A ball python (D:1)
  A rat (D:1)
12 creatures vanquished.

Notes
Turn   | Place    | Note
-------+----------+-------------------------------------------
     0 | D:1      | bobregger the Ogre Berserker began the quest for the Orb.
     0 | D:1      | Reached XP level 1. HP: 24/24 MP: 1/1
    63 | D:1      | Reached XP level 2. HP: 17/32 MP: 2/2
   355 | D:1      | HP: 2/49 [kobold/+0 whip (2)]
   359 | D:1      | Slain by a kobold

Illustrated notes

Levels and vault maps discovered:
D:1:      onia_arrival_mini_maze, layout_rooms, shapermc_ecumenical_altar_venn

Skill      XL: |  1 |
---------------+----+-----
Maces & Flails | 3 |  3.2
Fighting       | |  4.3
Dodging        | |  2.6

Action                   || total
-------------------------++-------
Melee: Mace              ||    36
       Punch             ||     1
Invok: Berserk           ||     1
Armor: Animal skin       ||     9
Dodge: Dodged            ||    28
